MID
WISCONSIN TIMBER RATTLERS @ AUGUSTA GREENJACKETS
08/11/2049
 
TOP OF THE 1ST
Wisconsin Timber Rattlers batting - Pitching for Augusta GreenJackets : RHP Eddie Rojo
Pitching: RHP Eddie Rojo
Batting: RHB Jose Cerritos 0-0: Called Strike
0-1: Called Strike
0-2: Foul Ball, location: 2F
0-2: Ball
1-2: Strikes out swinging
Batting: RHB Xiao-shuang Au 0-0: Called Strike
0-1: Ball
1-1: Ball
2-1: Fly out, F8 (Flyball, 8RD, EV 80.6 MPH)
Batting: LHB Karel Hort 0-0: Ball
1-0: Called Strike
1-1: Swinging Strike
1-2: Ball
2-2: Ball
3-2: Foul Ball, location: 2F
3-2: Fly out, F8 (Line Drive, 8LD, EV 102.5 MPH)
Top of the 1st over - 0 runs, 0 hits, 0 errors, 0 left on base; Wisconsin 0 - Augusta 0
BOTTOM OF THE 1ST
Augusta GreenJackets batting - Pitching for Wisconsin Timber Rattlers : RHP Julian Urbina
Pitching: RHP Julian Urbina
Batting: LHB Bruce Arvizu 0-0: Ball
1-0: Foul Ball, location: 2F
1-1: Foul Ball, location: 2F
1-2: Strikes out swinging
Batting: RHB Armando Ramirez 0-0: Ball
1-0: Ball
2-0: Foul Ball, location: 2F
2-1: Ball
3-1: SINGLE (Line Drive, 7LS, EV 93.1 MPH)
Batting: RHB Frank Pena 0-0: Ball
Armando Ramirez is caught stealing 2nd base 2-4
1-0: Ball
2-0: Called Strike
2-1: Called Strike
2-2: Strikes out swinging, 2-3 out at first.
Bottom of the 1st over - 0 runs, 1 hit, 0 errors, 0 left on base; Wisconsin 0 - Augusta 0
TOP OF THE 2ND
Wisconsin Timber Rattlers batting - Pitching for Augusta GreenJackets : RHP Eddie Rojo
Batting: RHB Ryan Miller 0-0: Ball
1-0: Ground out 6-3 (Groundball, 6, EV 82.5 MPH)
Batting: RHB Curtis Montgomery 0-0: Ball
1-0: Ball
2-0: Called Strike
2-1: Ground out 5-3 (Groundball, 56, EV 109.4 MPH)
Batting: LHB John Fortin 0-0: Ball
1-0: SINGLE (Line Drive, 9S, EV 90.6 MPH)
Batting: RHB Tony Beaumond 0-0: Ball
1-0: Foul Ball, location: 2F
1-1: Swinging Strike
1-2: Ball
2-2: Ball
3-2: Foul Ball, location: 2F
3-2: SINGLE (Line Drive, 7LS, EV 85.6 MPH)
John Fortin to second
John Fortin to third
Batting: RHB Dan Allred 0-0: Ball
1-0: Swinging Strike
1-1: Called Strike
1-2: Strikes out swinging
Top of the 2nd over - 0 runs, 2 hits, 0 errors, 2 left on base; Wisconsin 0 - Augusta 0
BOTTOM OF THE 2ND
Augusta GreenJackets batting - Pitching for Wisconsin Timber Rattlers : RHP Julian Urbina
Batting: LHB Sam Ogg 0-0: Called Strike
0-1: Ball
1-1: Ball
2-1: Ball
3-1: Foul Ball, location: 2F
3-2: Ground out 1-3 (Groundball, 34S, EV 65.0 MPH)
Batting: LHB Oscar Tamayo 0-0: Foul Ball, location: 2F
0-1: Ball
1-1: Called Strike
1-2: Foul Ball, location: 2F
1-2: TRIPLE (Flyball, 89XD, EV 108.8 MPH)
Batting: RHB Aaron Burress 0-0: Ball
1-0: Ball
2-0: Ball
3-0: Base on Balls
Batting: RHB Jonathan Davis 0-0: SINGLE (Groundball, 4M, EV 81.9 MPH) (infield hit)
Oscar Tamayo scores
Aaron Burress to second
Batting: RHB Jordan Wallace 0-0: Swinging Strike
0-1: Called Strike
0-2: Ball
1-2: Ball
2-2: Grounds into double play, 4-6-3 (Groundball, 4MS, EV 82.5 MPH)
Bottom of the 2nd over - 1 run, 2 hits, 0 errors, 1 left on base; Wisconsin 0 - Augusta 1
TOP OF THE 3RD
Wisconsin Timber Rattlers batting - Pitching for Augusta GreenJackets : RHP Eddie Rojo
Batting: SHB Robert Sayer 0-0: Called Strike
0-1: Ground out 4-3 (Groundball, 4, EV 78.1 MPH)
Batting: RHB Jose Cerritos 0-0: Called Strike
0-1: Foul Ball, location: 2F
0-2: Ball
1-2: Ball
2-2: Foul Ball, location: 2F
2-2: Fly out, F7 (Flyball, 7S, EV 90.6 MPH)
Batting: RHB Xiao-shuang Au 0-0: Ball
1-0: Ball
2-0: Called Strike
2-1: SOLO HOME RUN (Flyball, 78XD, EV 105.6 MPH), Distance : 418 ft
Batting: LHB Karel Hort 0-0: Foul Ball, location: 2F
0-1: SINGLE (Groundball, 34D, EV 101.2 MPH)
Batting: RHB Ryan Miller 0-0: Ball
1-0: Ball
2-0: Ball
3-0: Base on Balls
Karel Hort to second
Batting: RHB Curtis Montgomery 0-0: Ball
1-0: Ground out 5-3 (Groundball, 56S, EV 83.8 MPH)
Top of the 3rd over - 1 run, 2 hits, 0 errors, 2 left on base; Wisconsin 1 - Augusta 1
BOTTOM OF THE 3RD
Augusta GreenJackets batting - Pitching for Wisconsin Timber Rattlers : RHP Julian Urbina
Batting: LHB Gil Caraveo 0-0: Called Strike
0-1: Swinging Strike
0-2: Ball
1-2: Foul Ball, location: 2F
1-2: Strikes out swinging
Batting: LHB Bruce Arvizu 0-0: Foul Ball, location: 2F
0-1: Ball
1-1: DOUBLE (Line Drive, 9LS, EV 100.0 MPH)
Batting: RHB Armando Ramirez 0-0: Ground out 6-3 (Groundball, 6, EV 81.9 MPH)
Bruce Arvizu to third
Batting: RHB Frank Pena 0-0: Swinging Strike
0-1: Ground out 4-3 (Groundball, 4M, EV 103.1 MPH)
Bottom of the 3rd over - 0 runs, 1 hit, 0 errors, 1 left on base; Wisconsin 1 - Augusta 1
TOP OF THE 4TH
Wisconsin Timber Rattlers batting - Pitching for Augusta GreenJackets : RHP Eddie Rojo
Batting: LHB John Fortin 0-0: Ground out 6-3 (Groundball, 6MS, EV 86.9 MPH)
Batting: RHB Tony Beaumond 0-0: Ground out 6-3 (Groundball, 56, EV 77.5 MPH)
Batting: RHB Dan Allred 0-0: Ground out U3 (Groundball, 3, EV 86.2 MPH)
Top of the 4th over - 0 runs, 0 hits, 0 errors, 0 left on base; Wisconsin 1 - Augusta 1
BOTTOM OF THE 4TH
Augusta GreenJackets batting - Pitching for Wisconsin Timber Rattlers : RHP Julian Urbina
Batting: LHB Sam Ogg 0-0: Foul Ball, location: 2F
0-1: Foul Ball, location: 2F
0-2: Foul Ball, location: 2F
0-2: Foul Ball, location: 2F
0-2: SOLO HOME RUN (Flyball, 9D, EV 97.5 MPH), Distance : 386 ft
Batting: LHB Oscar Tamayo 0-0: SINGLE (Groundball, 34D, EV 98.1 MPH)
Batting: RHB Aaron Burress 0-0: Ball
1-0: Ball
2-0: Ball
3-0: Called Strike
3-1: Fly out, F8 (Flyball, 8LM, EV 78.8 MPH)
Batting: RHB Jonathan Davis 0-0: Fly out, F7 (Flyball, 7, EV 91.9 MPH)
Batting: RHB Jordan Wallace 0-0: Fly out, F7 (Flyball, 78M, EV 91.9 MPH)
Bottom of the 4th over - 1 run, 2 hits, 0 errors, 1 left on base; Wisconsin 1 - Augusta 2
TOP OF THE 5TH
Wisconsin Timber Rattlers batting - Pitching for Augusta GreenJackets : RHP Eddie Rojo
Batting: SHB Robert Sayer 0-0: Swinging Strike
0-1: Ball
1-1: Foul Ball, location: 2F
1-2: Ground out 3-1 (Groundball, 34S, EV 88.1 MPH)
Batting: RHB Jose Cerritos 0-0: Ball
1-0: Ground out 5-3 (Groundball, 56S, EV 89.4 MPH)
Batting: RHB Xiao-shuang Au 0-0: Called Strike
0-1: Ball
1-1: Swinging Strike
1-2: DOUBLE (Line Drive, 7LM, EV 104.4 MPH)
Batting: LHB Karel Hort 0-0: Called Strike
0-1: Ball
1-1: Swinging Strike
1-2: Foul Ball, location: 2F
1-2: Ball
2-2: Foul Ball, location: 2F
2-2: Strikes out swinging
Top of the 5th over - 0 runs, 1 hit, 0 errors, 1 left on base; Wisconsin 1 - Augusta 2
BOTTOM OF THE 5TH
Augusta GreenJackets batting - Pitching for Wisconsin Timber Rattlers : RHP Julian Urbina
Batting: LHB Gil Caraveo 0-0: SINGLE (Groundball, 6M, EV 85.6 MPH) (infield hit)
Batting: LHB Bruce Arvizu 0-0: Called Strike
0-1: Ball
1-1: Swinging Strike
1-2: Ball
2-2: Ball
3-2: Fly out, F7 (Line Drive, 78M, EV 83.8 MPH)
Batting: RHB Armando Ramirez 0-0: Called Strike
0-1: Fly out, F7 (Flyball, 7, EV 79.4 MPH)
Batting: RHB Frank Pena 0-0: Ball
Gil Caraveo steals 2nd base
1-0: Called Strike
1-1: Foul Ball, location: 2F
1-2: Fly out, F9 (Flyball, 89M, EV 91.2 MPH)
Bottom of the 5th over - 0 runs, 1 hit, 0 errors, 1 left on base; Wisconsin 1 - Augusta 2
TOP OF THE 6TH
Wisconsin Timber Rattlers batting - Pitching for Augusta GreenJackets : RHP Eddie Rojo
Batting: RHB Ryan Miller 0-0: Called Strike
0-1: Ball
1-1: Foul Ball, location: 2F
1-2: Ball
2-2: Strikes out swinging
Batting: RHB Curtis Montgomery 0-0: Ball
1-0: Foul Ball, location: 2F
1-1: Foul Ball, location: 2F
1-2: Foul Ball, location: 2F
1-2: Ball
2-2: Strikes out swinging
Batting: LHB John Fortin 0-0: Called Strike
0-1: Fly out, F5 (Popup, 25F, EV 88.8 MPH)
Top of the 6th over - 0 runs, 0 hits, 0 errors, 0 left on base; Wisconsin 1 - Augusta 2
BOTTOM OF THE 6TH
Augusta GreenJackets batting - Pitching for Wisconsin Timber Rattlers : RHP Julian Urbina
Batting: LHB Sam Ogg 0-0: Ball
1-0: Ball
2-0: Ball
3-0: Called Strike
3-1: Base on Balls
Batting: LHB Oscar Tamayo 0-0: Foul Ball, location: 2F
0-1: Swinging Strike
0-2: Strikes out swinging
Batting: RHB Aaron Burress 0-0: Grounds into double play, 5-4-3 (Groundball, 56, EV 106.2 MPH)
Bottom of the 6th over - 0 runs, 0 hits, 0 errors, 0 left on base; Wisconsin 1 - Augusta 2
TOP OF THE 7TH
Wisconsin Timber Rattlers batting - Pitching for Augusta GreenJackets : RHP Eddie Rojo
Batting: RHB Tony Beaumond 0-0: Ball
1-0: Foul Ball, location: 2F
1-1: Called Strike
1-2: Strikes out looking
Batting: RHB Dan Allred 0-0: Ball
1-0: Called Strike
1-1: Foul Ball, location: 2F
1-2: Ball
2-2: Fly out, F8 (Flyball, 8RXD, EV 80.0 MPH)
Batting: SHB Robert Sayer 0-0: SINGLE (Groundball, 4M, EV 81.9 MPH) (infield hit)
Pitching: LHP Bobby Storey
Batting: RHB Jose Cerritos 0-0: Ball
Robert Sayer is caught stealing 2nd base 2-4
Top of the 7th over - 0 runs, 1 hit, 0 errors, 0 left on base; Wisconsin 1 - Augusta 2
BOTTOM OF THE 7TH
Augusta GreenJackets batting - Pitching for Wisconsin Timber Rattlers : RHP Julian Urbina
Batting: RHB Jonathan Davis 0-0: Fly out, F8 (Flyball, 89D, EV 101.9 MPH)
Batting: RHB Jordan Wallace 0-0: Ball
1-0: Ball
2-0: Foul Ball, location: 2F
2-1: DOUBLE (Line Drive, 78XD, EV 99.4 MPH)
Batting: LHB Gil Caraveo 0-0: Ball
1-0: Foul Ball, location: 2F
1-1: SINGLE (Line Drive, 3L, EV 102.5 MPH)
Jordan Wallace to third
Pitching: LHP Juan Gonzalez
Batting: LHB Bruce Arvizu 0-0: Ball
1-0: Ball
2-0: Ball
3-0: Called Strike
3-1: Called Strike
3-2: Foul Ball, location: 2F
3-2: Fly out, F8 (Flyball, 89D, EV 88.8 MPH)
Runner from 3rd tags up, SCORES, throw by CF
Batting: RHB Armando Ramirez 0-0: Ball
1-0: Foul Ball, location: 2F
1-1: Called Strike
1-2: Ground out 4-3 (Groundball, 34S, EV 90.0 MPH)
Bottom of the 7th over - 1 run, 2 hits, 0 errors, 1 left on base; Wisconsin 1 - Augusta 3
TOP OF THE 8TH
Wisconsin Timber Rattlers batting - Pitching for Augusta GreenJackets : LHP Bobby Storey
Batting: RHB Jose Cerritos 0-0: SINGLE (Line Drive, 7LS, EV 91.2 MPH)
Batting: RHB Xiao-shuang Au 0-0: Called Strike
0-1: Swinging Strike
0-2: Strikes out looking
Batting: LHB Karel Hort 0-0: Ball
1-0: Called Strike
1-1: Swinging Strike
1-2: Ball
2-2: Ball
3-2: Ground out 4-3 (Groundball, 34S, EV 77.5 MPH)
Jose Cerritos to second
Batting: RHB Ryan Miller 0-0: Ball
1-0: Ball
2-0: Ball
3-0: Base on Balls
Batting: RHB Curtis Montgomery 0-0: Ball
1-0: Called Strike
1-1: Called Strike
1-2: Strikes out swinging
Top of the 8th over - 0 runs, 1 hit, 0 errors, 2 left on base; Wisconsin 1 - Augusta 3
BOTTOM OF THE 8TH
Augusta GreenJackets batting - Pitching for Wisconsin Timber Rattlers : LHP Juan Gonzalez
Batting: RHB Frank Pena 0-0: Called Strike
0-1: Ball
1-1: Swinging Strike
1-2: Ball
2-2: Ground out 4-3 (Groundball, P, EV 76.2 MPH)
Batting: LHB Sam Ogg 0-0: Ball
1-0: Ball
2-0: Called Strike
2-1: Foul Ball, location: 2F
2-2: Strikes out looking
Batting: LHB Oscar Tamayo 0-0: Ball
1-0: Ground out 3-1 (Groundball, 34S, EV 92.5 MPH)
Bottom of the 8th over - 0 runs, 0 hits, 0 errors, 0 left on base; Wisconsin 1 - Augusta 3
TOP OF THE 9TH
Wisconsin Timber Rattlers batting - Pitching for Augusta GreenJackets : LHP Bobby Storey
Pitching: RHP Ricky Fo
Now in CF: Zack Barton
Now in RF: Gil Caraveo
Batting: LHB John Fortin 0-0: Ball
1-0: Ball
2-0: Called Strike
2-1: Ground out 4-3 (Groundball, 4, EV 81.9 MPH)
Pinch Hitting: SHB Sam Bingham 0-0: Called Strike
0-1: Swinging Strike
0-2: Strikes out looking
Batting: RHB Dan Allred 0-0: Fly out, F8 (Line Drive, 8LM, EV 105.0 MPH)
Top of the 9th over - 0 runs, 0 hits, 0 errors, 0 left on base; Wisconsin 1 - Augusta 3
Sunday, July 16th , 2023 - OOTP Baseball 24.6 Build 69